[ AOE2 MATCH · #495776264 ]
UnrankedPoles vs Burmese
Player's team · WIN
Rival team · LOSS
[ REPLAY ANALYSIS · EXTRACTED FROM THE RECORDED GAME ]
Feudal
9:21
Castle
18:25
Imperial
30:34
| APM avg | 56.7 |
| APM peak | 98 |
| eAPM avg | 34.5 |
| Villagers / military | 155 / 55 |
Focus
⚔️ 40.0% · 🌾 60.0%
Cavalry Archer ×46 · Trebuchet (Packed) ×4 · Monk ×2 · Archer ×2 · Bombard Cannon ×1
Feudal
11:46
Castle
17:25
Imperial
—
| APM avg | 32.9 |
| APM peak | 60 |
| eAPM avg | 22.1 |
| Villagers / military | 118 / 29 |
Focus
⚔️ 26.8% · 🌾 73.2%
Arambai ×27 · Monk ×2
Match map
Initial resources + every placement click. Lines = walls · curves = elevation contours. ◆ gold · ⬟ stone · ● berries · ✦ relic · ◌ wall gap
Your base· Open — opponent sealed themselves in
RaggedCone8628's base· ✓ Closed at 17:25 · 33t walls · no gate
Smoothed initial terrain · ◌ = detected wall gap · hover for details
Inputs per minute
— beta55 - - RaggedCone8628
Build order — beta55
First 150 of 316 actions detected
| 0:01 | Queue | Villager (Male) ×4 |
| 0:02 | Build | House |
| 0:03 | Build | House |
| 1:26 | Queue | Villager (Male) |
| 1:26 | Queue | Villager (Male) |
| 1:59 | Queue | Villager (Male) |
| 1:59 | Queue | Villager (Male) |
| 2:10 | Queue | Villager (Male) |
| 2:10 | Queue | Villager (Male) |
| 2:25 | Build | Lumber Camp |
| 2:41 | Queue | Villager (Male) |
| 2:41 | Queue | Villager (Male) |
| 2:57 | Queue | Villager (Male) |
| 2:57 | Queue | Villager (Male) |
| 3:01 | Build | House |
| 3:14 | Build | House |
| 3:23 | Queue | Villager (Male) |
| 3:23 | Queue | Villager (Male) |
| 3:23 | Queue | Villager (Male) |
| 3:58 | Queue | Villager (Male) |
| 4:32 | Queue | Villager (Male) |
| 4:36 | Queue | Villager (Male) |
| 4:38 | Queue | Villager (Male) |
| 5:05 | Queue | Villager (Male) |
| 5:12 | Queue | Villager (Male) |
| 5:18 | Queue | Villager (Male) |
| 5:48 | Queue | Villager (Male) |
| 6:09 | Research | Loom |
| 6:34 | Build | Barracks |
| 6:41 | Queue | Villager (Male) |
| 7:04 | Build | Palisade Wall |
| 7:06 | Build | Palisade Wall |
| 7:11 | Research | Feudal Age |
| 7:17 | Build | Palisade Wall |
| 7:49 | Build | Palisade Wall |
| 8:00 | Build | Palisade Wall |
| 8:17 | Build | Palisade Wall |
| 8:20 | Queue | Villager (Male) |
| 8:20 | Queue | Villager (Male) |
| 8:27 | Build | Palisade Wall |
| 8:35 | Queue | Villager (Male) |
| 9:05 | Build | House |
| 9:21 | Age | Feudal Age |
| 9:23 | Build | Archery Range |
| 9:44 | Build | Mill |
| 9:49 | Queue | Villager (Male) |
| 9:51 | Research | Double-Bit Axe |
| 10:18 | Queue | Villager (Male) |
| 10:22 | Queue | Archer |
| 10:45 | Build | Mining Camp |
| 10:52 | Queue | Villager (Male) |
| 11:10 | Queue | Villager (Male) |
| 11:16 | Research | Horse Collar |
| 11:17 | Research | Horse Collar |
| 11:36 | Queue | Villager (Male) |
| 11:54 | Build | Lumber Camp |
| 11:54 | Queue | Villager (Male) |
| 11:57 | Build | Farm |
| 12:04 | Build | Farm |
| 12:14 | Queue | Villager (Male) |
| 12:21 | Build | Farm |
| 12:22 | Build | Farm |
| 12:22 | Queue | Villager (Male) |
| 12:36 | Build | House |
| 12:47 | Build | Mill |
| 12:48 | Queue | Villager (Male) |
| 12:51 | Build | Farm |
| 12:55 | Build | Farm |
| 12:58 | Build | Farm |
| 13:06 | Build | Farm |
| 13:21 | Build | Farm |
| 13:22 | Build | Farm |
| 13:23 | Queue | Villager (Male) |
| 13:33 | Queue | Villager (Male) |
| 13:41 | Queue | Villager (Male) |
| 13:59 | Build | Blacksmith |
| 14:03 | Build | Farm |
| 14:09 | Build | Farm |
| 14:53 | Build | Mill |
| 14:55 | Build | Farm |
| 14:58 | Build | Farm |
| 15:01 | Build | Farm |
| 15:04 | Queue | Villager (Male) |
| 15:15 | Build | Farm |
| 15:45 | Research | Castle Age |
| 15:45 | Research | Castle Age |
| 16:07 | Queue | Archer |
| 16:26 | Build | Archery Range |
| 16:39 | Research | Gold Mining |
| 17:03 | Research | Fletching |
| 17:37 | Build | Archery Range |
| 17:51 | Queue | Villager (Male) |
| 18:25 | Age | Castle Age |
| 18:28 | Queue | Cavalry Archer |
| 18:28 | Queue | Cavalry Archer |
| 18:28 | Queue | Cavalry Archer |
| 18:29 | Research | Bodkin Arrow |
| 18:29 | Research | Bodkin Arrow |
| 18:31 | Research | Heavy Plow |
| 18:44 | Research | Bow Saw |
| 18:44 | Research | Bow Saw |
| 18:45 | Queue | Villager (Male) |
| 18:49 | Queue | Cavalry Archer |
| 18:49 | Queue | Cavalry Archer |
| 18:49 | Queue | Cavalry Archer |
| 18:57 | Build | House |
| 18:57 | Build | House |
| 19:09 | Queue | Villager (Male) |
| 19:17 | Build | Town Center |
| 19:18 | Queue | Villager (Male) |
| 19:22 | Queue | Cavalry Archer |
| 19:28 | Queue | Cavalry Archer |
| 19:28 | Queue | Cavalry Archer |
| 19:38 | Research | Bodkin Arrow |
| 19:38 | Research | Bodkin Arrow |
| 19:41 | Queue | Villager (Male) |
| 19:48 | Queue | Cavalry Archer |
| 19:48 | Queue | Cavalry Archer |
| 19:48 | Queue | Cavalry Archer |
| 19:49 | Queue | Cavalry Archer |
| 19:53 | Queue | Villager (Male) |
| 19:55 | Queue | Villager (Male) |
| 20:00 | Queue | Cavalry Archer |
| 20:03 | Queue | Cavalry Archer |
| 20:04 | Queue | Cavalry Archer |
| 20:05 | Queue | Villager (Male) |
| 20:14 | Queue | Cavalry Archer |
| 20:15 | Queue | Villager (Male) |
| 20:32 | Queue | Cavalry Archer |
| 20:32 | Queue | Cavalry Archer |
| 20:34 | Queue | Villager (Male) |
| 20:37 | Queue | Villager (Male) |
| 20:37 | Queue | Villager (Male) |
| 20:55 | Queue | Villager (Male) |
| 21:05 | Build | Town Center |
| 21:07 | Queue | Villager (Male) |
| 21:10 | Queue | Cavalry Archer |
| 21:19 | Queue | Villager (Male) |
| 21:27 | Queue | Cavalry Archer |
| 21:28 | Queue | Cavalry Archer |
| 21:34 | Queue | Villager (Male) ×4 |
| 21:43 | Queue | Villager (Male) ×2 |
| 21:57 | Build | House |
| 21:58 | Build | House |
| 21:58 | Build | House |
| 22:07 | Research | Wheelbarrow |
| 22:08 | Research | Wheelbarrow |
| 22:15 | Queue | Villager (Male) |
| 22:16 | Build | Farm |
| 22:17 | Queue | Villager (Male) |
Build order — RaggedCone8628
First 150 of 272 actions detected
| 0:01 | Queue | Villager (Male) |
| 0:01 | Queue | Villager (Male) |
| 0:03 | Build | House |
| 0:04 | Build | House |
| 0:21 | Queue | Villager (Male) |
| 0:27 | Queue | Villager (Male) |
| 1:35 | Queue | Villager (Male) |
| 1:57 | Queue | Villager (Male) |
| 2:02 | Build | Mill |
| 2:28 | Queue | Villager (Male) |
| 2:53 | Queue | Villager (Male) |
| 3:16 | Research | Loom |
| 3:22 | Queue | Villager (Male) |
| 3:54 | Build | House |
| 3:56 | Build | House |
| 3:58 | Queue | Villager (Male) |
| 4:13 | Queue | Villager (Male) |
| 4:13 | Queue | Villager (Male) |
| 4:29 | Queue | Villager (Male) |
| 4:55 | Queue | Villager (Male) |
| 5:31 | Queue | Villager (Male) |
| 5:32 | Queue | Villager (Male) |
| 5:50 | Queue | Villager (Male) |
| 6:13 | Queue | Villager (Male) |
| 6:34 | Build | Lumber Camp |
| 7:14 | Queue | Villager (Male) |
| 8:02 | Build | Mining Camp |
| 8:17 | Queue | Villager (Male) |
| 8:25 | Build | Palisade Wall |
| 8:27 | Build | Palisade Wall |
| 8:32 | Build | Palisade Wall |
| 8:38 | Build | House |
| 8:42 | Queue | Villager (Male) |
| 9:08 | Queue | Villager (Male) |
| 9:10 | Build | House |
| 9:32 | Research | Feudal Age |
| 9:37 | Build | Mill |
| 9:40 | Build | Palisade Wall |
| 9:41 | Build | Palisade Wall |
| 9:44 | Build | Palisade Wall |
| 9:45 | Build | Palisade Wall |
| 9:57 | Build | Palisade Wall |
| 10:27 | Build | Mining Camp |
| 10:32 | Build | Palisade Wall |
| 11:00 | Build | Palisade Wall |
| 11:16 | Build | Farm |
| 11:45 | Build | Farm |
| 11:46 | Age | Feudal Age |
| 11:48 | Queue | Villager (Male) |
| 12:02 | Build | Watch Tower |
| 12:05 | Queue | Villager (Male) |
| 12:17 | Build | Blacksmith |
| 12:17 | Queue | Villager (Male) |
| 12:36 | Build | Farm |
| 12:49 | Queue | Villager (Male) |
| 13:21 | Build | Market |
| 13:22 | Queue | Villager (Male) |
| 13:54 | Queue | Villager (Male) |
| 14:04 | Build | House |
| 14:06 | Build | House |
| 14:14 | Queue | Villager (Male) |
| 14:43 | Research | Castle Age |
| 15:10 | Build | House |
| 15:13 | Build | House |
| 15:43 | Research | Horse Collar |
| 15:57 | Research | Gold Mining |
| 16:21 | Build | Farm |
| 16:27 | Build | Farm |
| 16:30 | Build | Farm |
| 16:40 | Research | Padded Archer Armor |
| 17:18 | Queue | Villager (Male) |
| 17:25 | Age | Castle Age |
| 17:37 | Build | Castle |
| 17:42 | Queue | Villager (Male) |
| 17:53 | Queue | Villager (Male) |
| 18:01 | Build | Castle |
| 18:05 | Queue | Villager (Male) |
| 18:15 | Queue | Villager (Male) |
| 18:24 | Build | Farm |
| 18:27 | Build | Farm |
| 18:29 | Queue | Villager (Male) |
| 18:35 | Build | Town Center |
| 18:41 | Queue | Villager (Male) |
| 19:03 | Queue | Villager (Male) |
| 19:13 | Build | Farm |
| 19:28 | Build | Town Center |
| 19:29 | Queue | Villager (Male) |
| 19:35 | Research | Wheelbarrow |
| 19:40 | Build | Farm |
| 19:51 | Research | Heavy Plow |
| 20:01 | Queue | Villager (Male) |
| 20:01 | Queue | Villager (Male) |
| 20:14 | Build | Lumber Camp |
| 20:17 | Queue | Villager (Male) |
| 20:29 | Queue | Villager (Male) |
| 20:29 | Queue | Villager (Male) |
| 20:49 | Queue | Villager (Male) |
| 20:49 | Queue | Villager (Male) |
| 20:52 | Build | Monastery |
| 20:55 | Build | Farm |
| 20:57 | Build | Farm |
| 20:57 | Queue | Villager (Male) |
| 20:59 | Build | Farm |
| 21:01 | Build | Farm |
| 21:05 | Build | Farm |
| 21:07 | Queue | Villager (Male) |
| 21:17 | Build | Farm |
| 21:21 | Queue | Villager (Male) |
| 21:21 | Queue | Villager (Male) |
| 21:22 | Queue | Villager (Male) |
| 21:28 | Build | Farm |
| 21:28 | Build | Farm |
| 21:33 | Build | Farm |
| 21:34 | Queue | Villager (Male) |
| 21:37 | Queue | Villager (Male) |
| 21:49 | Build | House |
| 21:52 | Build | House |
| 21:59 | Queue | Villager (Male) |
| 22:00 | Queue | Arambai |
| 22:02 | Queue | Villager (Male) |
| 22:02 | Queue | Villager (Male) |
| 22:11 | Build | Farm |
| 22:12 | Build | Farm |
| 22:15 | Queue | Villager (Male) |
| 22:24 | Queue | Villager (Male) |
| 22:30 | Queue | Arambai |
| 22:31 | Queue | Villager (Male) |
| 22:41 | Build | Barracks |
| 22:45 | Queue | Villager (Male) |
| 22:47 | Queue | Villager (Male) |
| 22:50 | Queue | Arambai |
| 22:51 | Queue | Arambai |
| 22:55 | Queue | Villager (Male) |
| 23:03 | Build | Farm |
| 23:05 | Build | Farm |
| 23:06 | Build | Farm |
| 23:08 | Queue | Villager (Male) |
| 23:18 | Build | Farm |
| 23:19 | Build | Farm |
| 23:19 | Queue | Villager (Male) |
| 23:25 | Queue | Arambai |
| 23:30 | Queue | Villager (Male) |
| 23:39 | Queue | Arambai |
| 23:39 | Queue | Villager (Male) |
| 23:49 | Queue | Villager (Male) |
| 23:52 | Queue | Arambai |
| 23:59 | Build | Farm |
| 23:59 | Queue | Villager (Male) |
| 24:02 | Queue | Villager (Male) |
| 24:10 | Build | Stable |
Match timeline
| 6:34 | beta55 · first_building Barracks |
| 7:04 | beta55 · wall_segment Palisade Wall x5 |
| 7:06 | beta55 · wall_segment Palisade Wall x2 |
| 7:17 | beta55 · wall_segment Palisade Wall x9 |
| 7:49 | beta55 · wall_segment Palisade Wall x4 |
| 8:00 | beta55 · wall_segment Palisade Wall x5 |
| 8:17 | beta55 · wall_segment Palisade Wall x10 |
| 8:25 | RaggedCone8628 · wall_segment Palisade Wall x1 |
| 8:27 | beta55 · wall_segment Palisade Wall x4 |
| 8:27 | RaggedCone8628 · wall_segment Palisade Wall x14 |
| 8:32 | RaggedCone8628 · wall_segment Palisade Wall x1 |
| 9:21 | beta55 · age_up feudal |
| 9:23 | beta55 · first_building Archery Range |
| 9:40 | RaggedCone8628 · wall_segment Palisade Wall x1 |
| 9:41 | RaggedCone8628 · wall_segment Palisade Wall x1 |
| 9:44 | RaggedCone8628 · wall_segment Palisade Wall x3 |
| 9:45 | RaggedCone8628 · wall_segment Palisade Wall x1 |
| 9:57 | RaggedCone8628 · wall_segment Palisade Wall x3 |
| 10:32 | RaggedCone8628 · wall_segment Palisade Wall x2 |
| 11:00 | RaggedCone8628 · wall_segment Palisade Wall x6 |
| 11:46 | RaggedCone8628 · age_up feudal |
| 14:25 | RaggedCone8628 · first_market_sell 100 wood |
| 14:25 | RaggedCone8628 · first_market_buy 100 food |
| 17:25 | RaggedCone8628 · age_up castle |
| 17:37 | RaggedCone8628 · first_building Castle |
| 18:25 | beta55 · age_up castle |
| 20:52 | RaggedCone8628 · first_building Monastery |
| 22:41 | RaggedCone8628 · first_building Barracks |
| 23:16 | beta55 · first_building Monastery |
| 24:10 | RaggedCone8628 · first_building Stable |
| 25:21 | beta55 · first_building Stable |
| 25:50 | beta55 · wall_segment Stone Wall x1 |
| 25:51 | beta55 · wall_segment Stone Wall x1 |
| 26:59 | RaggedCone8628 · wall_segment Stone Wall x12 |
| 28:35 | beta55 · first_market_buy 100 wood |
| 28:55 | beta55 · first_building Castle |
| 30:13 | beta55 · first_building Siege Workshop |
| 30:34 | beta55 · age_up imperial |
| 32:29 | RaggedCone8628 · resign |
[ AI ANALYSIS · 1 CREDIT ]
What really happened in this match?
Wolo.gg analyzes every decision: build order, eco, micro, common mistakes by bracket. Personalized analysis on WhatsApp or Discord in 30 seconds.
Civ guide
Poles
Perfil
Jugador #1423034